 Dungeon Crawl Stone Soup version 0.26-a0-707-g31817bcca1 (webtiles) character file.

Game seed: 15782426583430964218

669639 Asdor the Hand of Fortune (level 27, -2/202 HPs)
             Began as a Demonspawn Gladiator on Oct 21, 2020.
             Was the Champion of Nemelex Xobeh.
             Killed from afar by an orb of fire (20 damage)
             ... with a bolt of fire
             ... on level 5 of the Realm of Zot on Oct 26, 2020.
             The game lasted 06:59:54 (73627 turns).

Asdor the Hand of Fortune (Demonspawn Gladiator)   Turns: 73627, Time: 07:00:24

Health: -2/202     AC: 48    Str: 25 (28) XL:     27
Magic:  30/30      EV:  9    Int:  9 (10) God:    Nemelex Xobeh [******]
Gold:   6533       SH:  0    Dex: 32 (34) Spells: 25/30 levels left

rFire    + . .     SeeInvis +   Q - +9 demon whip (vamp)
rCold    + . .     Faith    .   (no shield)
rNeg     + + +     Spirit   .   j - +9 plate armour of Norphuoho {rElec MP-9 Str+4 SInv}
rPois    .         Reflect  .   (helmet unavailable)
rElec    +         Harm     .   m - +2 cloak {rCorr}
rCorr    +         Rampage  .   s - +0 pair of fencer's gloves {Riposte Dex+3}
MR       +++++     Clarity  +   q - +1 pair of boots of Surata Kuege {rN+ Int-5 Dex+2}
Stlth    ..........             S - amulet "Wieniun" {rElec rC- MR+++ Regen+ Int+4}
HPRegen  0.83/turn              o - ring "Xapam" {rC+ Dex+6}
MPRegen  0.22/turn              L - ring "Cauc" {rC+ rN++ Dex+6}

@: silence, no potions, vertigo, sanguine armour, held, slowed, very slow
A: horns 3, clarity, demonic guardian 3, fire resistance 1, hurl damnation,
frail 1, magic resistance 1, sense surroundings 1, electricity resistance, spiny
3, flame cloud immunity, sanguine armour 3
}: 4/15 runes: decaying, serpentine, slimy, silver
a: Hurl Damnation, Renounce Religion


You were on level 5 of the Realm of Zot.
You worshipped Nemelex Xobeh.
Nemelex Xobeh was exalted by your worship.
You visited 11 branches of the dungeon, and saw 55 of its levels.
You visited the Abyss 2 times.
You visited 1 bazaar.
You also visited: Trove, Gauntlet, Volcano and Desolation.

You collected 8493 gold pieces.
You spent 1960 gold pieces at shops.

Inventory:

Hand Weapons
 t - the +8 broad axe of Gozag's Benevolence {antimagic, rPois rN+ MR- Stlth+}
   (You took it off a naga on level 4 of the Snake Pit)

   It reduces the magical energy of the wielder, and disrupts the spells and
   magical abilities of those hit.
   Natural abilities and divine invocations are not affected.
   It protects you from poison.
   It protects you from negative energy.
   It affects your resistance to hostile enchantments.
   It makes you more stealthy.
 K - a +5 demon trident of flaming
 Q - a +9 vampiric demon whip (weapon)
Missiles
 a - a throwing net (quivered)
 N - 6 silver javelins
Armour
 g - the +0 pair of gloves "Ujassag" {Rampage *Slow MR++ Regen+}
   (You acquired it on level 3 of the Elven Halls)

   It affects your resistance to hostile enchantments.
   It increases your rate of regeneration.
   It may slow you when you take damage.
   It bestows one free step when moving towards enemies.
 j - the +9 plate armour of Norphuoho (worn) {rElec MP-9 Str+4 SInv}
   (You found it on level 5 of the Depths)

   It affects your strength (+4).
   It insulates you from electricity.
   It affects your magic capacity (-9).
   It lets you see invisible.
 l - the +8 tower shield "Eckoinoss" {rPois rC+ Stlth+}
   (You took it off Louise on level 3 of the Depths)

   It protects you from cold.
   It protects you from poison.
   It makes you more stealthy.
 m - a +2 cloak of preservation (worn)
 q - the +1 pair of boots of Surata Kuege (worn) {rN+ Int-5 Dex+2}
   (You acquired it on level 5 of the Vaults)

   It affects your intelligence (-5).
   It affects your dexterity (+2).
   It protects you from negative energy.
 s - the +0 pair of fencer's gloves (worn) {Riposte Dex+3}
   (You found it on level 3 of the Depths)

   It affects your dexterity (+3).
 u - a scarf of resistance
 T - the +2 shield of Resistance {rF++ rC++ MR++}
   (You found it on level 5 of the Pits of Slime)

   It greatly protects you from fire.
   It greatly protects you from cold.
   It affects your resistance to hostile enchantments.
Jewellery
 h - an uncursed ring of protection from fire
 o - the ring "Xapam" (left hand) {rC+ Dex+6}
   (You found it on level 10 of the Dungeon)

   [ring of protection from cold]

   It affects your dexterity (+6).
   It protects you from cold.
 L - the ring "Cauc" (right hand) {rC+ rN++ Dex+6}
   (You took it off a deep elf elementalist on level 2 of the Depths)

   [ring of dexterity]

   It affects your dexterity (+6).
   It protects you from cold.
   It greatly protects you from negative energy.
 S - the amulet "Wieniun" (around neck) {rElec rC- MR+++ Regen+ Int+4}
   (You found it on level 5 of the Pits of Slime)

   [amulet of regeneration]

   It affects your intelligence (+4).
   It makes you vulnerable to cold.
   It insulates you from electricity.
   It affects your resistance to hostile enchantments.
   It increases your rate of regeneration.
Wands
 e - a wand of flame (16)
 i - a wand of polymorph (63)
 p - a wand of enslavement (14)
 v - a wand of iceblast (67)
 C - a wand of acid (31)
 D - a wand of digging (25)
 H - a wand of paralysis (96)
 V - a wand of random effects (35)
 Z - a wand of disintegration (79)
Scrolls
 c - 31 scrolls of remove curse
 d - 8 scrolls of identify
 k - 8 scrolls of fog
 w - 24 scrolls of teleportation
 x - 2 scrolls of amnesia
 y - 2 scrolls of summoning
 M - 9 scrolls of brand weapon
 O - 5 scrolls of torment
 U - 5 scrolls of enchant armour
 Y - 9 scrolls of magic mapping
Potions
 f - 15 potions of curing
 n - 5 potions of haste
 z - 5 potions of magic
 B - 8 potions of flight
 E - 7 potions of might
 I - a potion of heal wounds
 J - 6 potions of cancellation
 P - 4 potions of invisibility
 R - 5 potions of resistance
 W - 2 potions of stabbing
Miscellaneous
 F - a condenser vane (2/2)
 G - a lightning rod (4/4)
 X - a phantom mirror


   Skills:
 + Level 20.3 Fighting
 + Level 15.3(18.7) Axes
 - Level 14.1(16.7) Maces & Flails
 - Level 12.9(15.8) Polearms
 - Level 3.0 Throwing
 + Level 18.8 Armour
 - Level 14.3 Dodging
 + Level 18.3 Shields
 - Level 2.0 Spellcasting
 - Level 4.5 Necromancy
 - Level 7.4 Transmutations
 + Level 24.7 Invocations
 - Level 5.0 Evocations


You had 25 spell levels left.
You knew the following spells:

 Your Spells              Type           Power        Failure   Level
a - Wereblood             Tmut           ##......     26%         2
b - Vampiric Draining     Necr           #.........   78%         3

Your spell library contained the following spells:

 Spells                   Type           Power        Failure   Level
 Beastly Appendage        Tmut           ##....       17%         1
 Animate Skeleton         Necr           #.....       43%         1
 Pain                     Necr           #...         43%         1
 Sting                    Tmut/Pois      #...         54%         1
 Sublimation of Blood     Necr           #.........   56%         2
 Passwall                 Tmut/Erth      #.......     67%         2
 Corpse Rot               Necr/Air       N/A          86%         2
 Spider Form              Tmut/Pois      #.........   87%         3
 Apportation              Tloc           #.....       95%         1
 Corona                   Hex            #......      95%         1
 Foxfire                  Conj/Fire      #...         95%         1
 Sandblast                Erth           #.....       95%         1
 Shock                    Conj/Air       #...         95%         1
 Summon Small Mammal      Summ           #...         95%         1
 Ignite Poison            Fire/Tmut/Pois #.......     96%         3
 Call Imp                 Summ           #.......     98%         2
 Ensorcelled Hibernation  Hex/Ice        #.....       98%         2
 Slow                     Hex            #.......     98%         2
 Swiftness                Air            #.......     98%         2
 Animate Dead             Necr           #.........   98%         4
 Dispel Undead            Necr           #.......     98%         4
 Blade Hands              Tmut           ##........   98%         5
 Ice Form                 Ice/Tmut       #.......     99%         4
 Petrify                  Tmut/Erth      #.......     99%         4
 Call Canine Familiar     Summ           #.......     100%        3
 Confusing Touch          Hex            #.......     100%        3
 Conjure Flame            Conj/Fire      #.......     100%        3
 Dazzling Flash           Conj/Hex       #.....       100%        3
 Gell's Gravitas          Tloc           #.........   100%        3
 Inner Flame              Hex/Fire       #.......     100%        3
 Portal Projectile        Hex/Tloc       #.....       100%        3
 Static Discharge         Conj/Air       #.......     100%        3
 Stone Arrow              Conj/Erth      #.....       100%        3
 Summon Guardian Golem    Hex/Summ       #.......     100%        3
 Tukima's Dance           Hex            #.......     100%        3
 Airstrike                Air            #.........   100%        4
 Cause Fear               Hex            #.........   100%        4
 Leda's Liquefaction      Hex/Erth       #.........   100%        4
 Sticky Flame             Conj/Fire      #.......     100%        4
 Summon Ice Beast         Ice/Summ       #.......     100%        4
 Summon Lightning Spire   Summ/Air       #.......     100%        4
 Agony                    Necr           #.......     100%        5
 Alistair's Intoxication  Tmut/Pois      #........    100%        5
 Bolt of Magma            Conj/Fire/Erth #.........   100%        5
 Borgnjor's Vile Clutch   Necr/Erth      #.........   100%        5
 Excruciating Wounds      Necr           #.........   100%        5
 Fireball                 Conj/Fire      #.........   100%        5
 Irradiate                Conj/Tmut      #.........   100%        5
 Iskenderun's Battlesphe  Conj           #.......     100%        5
 Lee's Rapid Deconstruct  Erth           #.........   100%        5
 Lightning Bolt           Conj/Air       #.........   100%        5
 Metabolic Englaciation   Hex/Ice        #.........   100%        5
 Silence                  Hex/Air        #.........   100%        5
 Summon Mana Viper        Hex/Summ       #.......     100%        5
 Yara's Violent Unravell  Hex/Tmut       #.........   100%        5
 Conjure Ball Lightning   Conj/Air       #.........   100%        6
 Death Channel            Necr           #.........   100%        6
 Eringya's Noxious Bog    Tmut/Pois      #.........   100%        6
 Freezing Cloud           Conj/Ice/Air   #.........   100%        6
 Hydra Form               Tmut           ##........   100%        6
 Iron Shot                Conj/Erth      #.........   100%        6
 Shadow Creatures         Summ           N/A          100%        6
 Simulacrum               Ice/Necr       #.........   100%        6
 Starburst                Conj/Fire      #.........   100%        6
 Statue Form              Tmut/Erth      #........    100%        6
 Dragon Form              Tmut           ##........   100%        7
 Orb of Destruction       Conj           #.........   100%        7
 Spellforged Servitor     Conj/Summ      #.........   100%        7
 Chain Lightning          Conj/Air       #.........   100%        8
 Disjunction              Tloc           #.........   100%        8
 Ignition                 Fire           #.........   100%        8
 Lehudib's Crystal Spear  Conj/Erth      #.........   100%        8
 Absolute Zero            Ice            #.........   100%        9
 Fire Storm               Conj/Fire      #.........   100%        9
 Shatter                  Erth           #.........   100%        9
 Tornado                  Air            #.........   100%        9


Dungeon Overview and Level Annotations

Branches:
Dungeon (15/15)            Temple (1/1) D:4            Lair (6/6) D:8
  Swamp (4/4) Lair:3        Snake (4/4) Lair:4        Slime (5/5) Lair:6
    Orc (2/2) D:12            Elf (3/3) Orc:2        Vaults (5/5) D:13
  Crypt (0/3) Vaults:2     Depths (5/5) D:15            Zot (5/5) Depths:5
Volcano (visited)         Desolation (visited)      Gauntlet (visited)

Altars:
Ashenzari
Cheibriados
Dithmenos
Elyvilon
Fedhas
Gozag
Hepliaklqana
Kikubaaqudgha
Makhleb
Nemelex Xobeh
Okawaru
Qazlal
Ru
Sif Muna
Trog
Uskayaw
Vehumet
Wu Jian
Xom
Yredelemnul
Zin
The Shining One
Jiyva

Shops:
D:15 =   Orc:1 (   Orc:2 *[*!(*   Elf:1 ?   Elf:3 =

Portals:
Hell: Depths:1 Depths:2 Depths:3 Depths:4 Depths:5
Abyss: Depths:3 Depths:4
Pandemonium: Depths:1 Depths:3
Ziggurat: Depths:5

Annotations:
Depths:1 2 runed translucent doors, Jixoosm's ghost, adept DsVM
Zot:1 2 runed translucent doors, UristMcRaven's ghost, legendary DrTm


Innate Abilities, Weirdness & Mutations

You have a pair of large horns on your head.
A powerful demonic guardian rushes to your aid.
Your flesh is heat resistant. (rF+)
You can hurl damnation.
You are completely covered in sharp spines.
You are immune to clouds of flame.
When seriously injured, your bleeding wounds create very thick armour. (AC +12)
You possess an exceptional clarity of mind.
You are frail. (-10% HP)
You are resistant to hostile enchantments. (MR+)
You passively map a small area around you.
You are resistant to electric shocks. (rElec)


Message History

Okay, then.
Okay, then.
You cannot drink potions in your current state!
You cannot drink potions in your current state!
You cannot drink potions in your current state!
You cannot drink potions in your current state!
Okay, then.
You struggle against the net.
The electric golem blinks!
The Killer Klown pounds you with a +8 antimagic club.
* * * LOW HITPOINT WARNING * * *
Unknown command.
The Killer Klown throws klown pie at you.
Keep equipping yourself?
The klown pie hits you!!!
Raspberry!
You feel weakened.
You feel dopey.
You feel clumsy.
* * * LOW HITPOINT WARNING * * *
The orb of fire glows deep purple.
The bolt of fire hits you!! You resist.
You die...
Your body glows with a rainbow of weird colours and disappears.

.## #.....†..............*
..# #....................*
..## #........^......^....*
...###†...................*
#...###.)................#*
##....##................#*
###...............^...##
#▓▓▓▓▓▓▓▓▓▓▓##8....▓▓
****,......p@p2....▓*
***,,,,......**p......▓*
**,,,,,,...^...8........▓*
*,,,,,,,.................*
**,,,,,,,............^....*
**,,,,,^,....^...§.......▓*
,*,,,,,,,...............▓▓
,,,,,,,,,..............▓▓
,*,,,,,,,,^,,,,,,,,,,,,,**


You could see 2 orbs of fire, 3 Killer Klowns, an electric golem and a friendly
lorocyproca (summoned, invisible).

Vanquished Creatures
  An ancient lich (Vaults:5)
  Mara (Swamp:4)
  A juggernaut (Depths:4)
  Frederick (Vaults:5)
  A Killer Klown (Zot:5)
  5 caustic shrikes
  4 golden dragons
  3 bone dragons
  5 liches
  14 tentacled monstrosities
  Asterion (Elf:1)
  18 acid blobs
  11 quicksilver dragons
  7 titans
  9 Orb Guardians (Zot:5)
  5 deep elf blademasters
  A deep elf master archer (Elf:3)
  6 death cobs
  4 sphinxes
  Agnes (Snake:3)
  8 tentacled starspawn
  10 shadow dragons
  15 storm dragons
  3 thorn hunters
  9 draconian monks
  9 fire giants
  9 nagarajas
  4 tengu reavers
  2 draconian scorchers
  5 azure jellies
  2 iron dragons
  13 frost giants
  9 deep elf sorcerers
  2 draconian knights
  An imperial myrmidon (Desolation)
  14 vault wardens
  5 ghost moths
  An emperor scorpion (Vaults:4)
  Louise (Depths:3)
  4 deep elf elementalists
  12 ironheart preservers
  5 draconian shifters
  A draconian stormcaller (Zot:3)
  3 war gargoyles (Vaults:5)
  16 very ugly things
  5 draconian annihilators
  A reaper (Depths:3)
  2 spriggan defenders (Depths:2)
  20 stone giants
  A vampire knight (Depths:2)
  2 entropy weavers
  6 black draconians
  19 starcursed masses
  10 deep elf demonologists
  5 purple draconians
  11 green draconians
  10 deep elf annihilators
  7 red draconians
  A dire elephant (Vaults:4)
  7 yellow draconians
  6 white draconians
  A spark wasp (Vaults:5)
  6 death oozes (Slime:5)
  2 crystal guardians (Vaults:4)
  2 eidola (Vaults:2)
  19 ettins
  12 deep elf death magi
  7 deep elf high priests
  13 great orbs of eyes
  6 fire dragons
  17 yaktaur captains
  Erolcha (Orc:2)
  Fannar (D:11)
  7 naga warriors
  A hydra (shapeshifter) (Depths:4)
  2 rakshasas
  A hell beast (Depths:2)
  Harold (D:11)
  8 vault guards
  10 hydras
  14 ice dragons
  A spriggan air mage (Depths:3)
  10 boulder beetles
  A shambling mangrove (Swamp:2)
  2 peacekeepers
  7 anacondas
  3 catoblepae
  2 ghost crabs (Swamp:4)
  11 centaur warriors
  A two-headed ogre (shapeshifter) (Vaults:5)
  19 two-headed ogres
  21 dancing weapons
  A tengu warrior (Depths:3)
  4 death knights
  8 death yaks
  5 queen ants
  17 alligators
  2 satyrs
  8 deep troll shamans
  10 ogre magi
  A hell hog (Abyss:3)
  6 vampire magi
  6 shock serpents
  2 orc high priests
  11 naga sharpshooters
  9 deep troll earth magi
  2 titan skeletons
  23 deep elf knights
  12 thrashing horrors
  A soul eater (Vaults:2)
  Nergalle (D:10)
  10 hell knights
  4 spatial maelstroms
  3 salamander mystics
  2 shock serpents (shapeshifter) (Vaults:5)
  3 iron trolls
  5 wretched stars
  A shadow wraith (Vaults:4)
  4 death drakes (Depths:5)
  A fire crab (shapeshifter) (Elf:1)
  A fire crab (D:15)
  2 sixfirhies
  16 skeletal warriors
  17 deep trolls
  7 unseen horrors
  A golden dragon zombie (Abyss:3)
  7 glowing orange brains
  2 flayed ghosts
  4 lindwurms
  2 naga ritualists (Snake:4)
  A swamp dragon (shapeshifter) (Depths:2)
  2 spectral hydras (Swamp:4)
  A glowing orange brain (shapeshifter) (Vaults:5)
  5 spriggan druids
  A shadow demon (Abyss:1)
  5 wizards
  9 phantasmal warriors
  3 swamp dragons
  15 deep elf archers
  A harpy (shapeshifter) (D:15)
  A wolf spider zombie (D:15)
  9 ironbrand convokers
  8 harpies
  11 orc knights
  2 wolf spiders
  9 mana vipers
  An orb spider (D:15)
  2 manticores
  4 shining eyes
  12 necromancers
  3 worldbinders
  5 orc sorcerers
  2 fauns
  An iron dragon skeleton (Abyss:1)
  15 elephants (Lair:6)
  11 salamanders
  74 deep elf magi
  4 cyclopes
  14 ugly things
  18 moths of wrath
  19 naga magi
  2 centaur zombies (D:14)
  4 eyes of devastation
  2 guardian serpents
  5 smoke demons
  17 vault sentinels
  A guardian serpent (shapeshifter) (Depths:4)
  2 orange demons
  26 black mambas
  2 apocalypse crabs (Abyss:1)
  A storm dragon simulacrum (Vaults:3)
  22 cane toads
  A cane toad (shapeshifter) (D:15)
  9 freezing wraiths
  2 rime drakes
  2 efreet
  4 swamp worm zombies (Swamp:4)
  47 yaktaurs
  A demonic crawler (Abyss:3)
  A tormentor (Abyss:3)
  2 hellwings
  2 rime drakes (shapeshifter)
  A yaktaur skeleton (Vaults:5)
  An ice devil (Depths:3)
  4 hydra zombies (Swamp:4)
  3 komodo dragons
  A jumping spider (shapeshifter) (Vaults:2)
  4 tengu conjurers
  A queen bee (Vaults:5)
  A meliai (Lair:5)
  A red devil (Depths:2)
  2 trolls
  10 ancient zymes
  A merfolk (Vaults:2)
  3 polar bears (Lair:6)
  13 hornets
  2 queen bees (shapeshifter)
  3 wind drakes (Depths:5)
  Prince Ribbit (Lair:3)
  5 saltlings
  3 alligator zombies (Swamp:4)
  3 spectral swamp dragons (Swamp:4)
  8 bog bodies
  A dream sheep (shapeshifter) (D:15)
  10 blink frogs
  109 slime creatures
  7 tyrant leeches
  18 raiju (Abyss:3)
  6 flying skulls
  3 air elementals
  A vampire (D:13)
  17 large abominations
  A spriggan (shapeshifter) (Vaults:3)
  A redback (Vaults:5)
  An ettin skeleton (Vaults:2)
  8 spriggans
  A tarantella (Vaults:5)
  2 shadows
  4 ynoxinuls
  2 water elementals
  3 wyverns
  5 basilisks
  A hog (shapeshifter) (Vaults:5)
  6 wraiths
  2 fire elementals
  A hog (Swamp:2)
  34 yaks
  7 neqoxecs
  23 golden eyes
  2 golden eyes (shapeshifter)
  3 chaos spawn
  A steam dragon (Swamp:2)
  11 wargs
  12 vampire mosquitoes
  11 swamp worms
  3 acid dragons
  13 insubstantial wisps
  18 small abominations
  3 spatial vortices (Abyss:3)
  64 nagas
  A cane toad zombie (Abyss:1)
  A floating eye (Depths:4)
  4 hell hounds (Abyss:3)
  13 water moccasins
  41 orc warriors
  13 swamp drakes
  2 eyes of draining
  6 sky beasts
  5 black bears
  4 phantoms
  A black bear (shapeshifter) (D:15)
  An eye of draining (shapeshifter) (Depths:3)
  8 ice beasts
  4 swamp dragon zombies
  18 ogres
  A necrophage (D:6)
  11 wolves
  12 boggarts
  22 centaurs
  A snapping turtle skeleton (Abyss:1)
  2 big kobolds
  2 elf zombies (Elf:1)
  10 earth elementals
  9 bullfrogs
  A human zombie (Vaults:2)
  2 human skeletons
  3 scorpions
  14 wights
  9 killer bees
  A human simulacrum (Vaults:2)
  A howler monkey (D:14)
  7 hounds
  3 quasits
  5 bullfrog skeletons
  2 bullfrog zombies
  7 jellies
  3 centaur skeletons
  15 orc priests
  3 iron imps
  An iguana (D:9)
  Ijyb (D:4)
  27 orc wizards
  A spectral swamp drake (Swamp:4)
  6 worker ants
  A hound zombie (D:7)
  A hound skeleton (D:5)
  4 gnolls (D:7)
  20 adders
  A shadow imp (D:6)
  6 white imps
  2 ufetubi (Abyss:1)
  An ooze (shapeshifter) (Abyss:3)
  5 oozes
  3 worms
  2 adder skeletons
  3 dart slugs
  5 leopard geckos
  90 orcs
  5 bats
  14 giant cockroaches
  13 goblins
  6 hobgoblins
  16 jackals
  5 quokkas
  2 frilled lizards
  A jackal skeleton (D:8)
  A jackal zombie (D:5)
  18 kobolds
  9 rats
  12 briar patches
  13 crawling corpses
  A lurking horror (Abyss:1)
  9 starspawn tentacles
2287 creatures vanquished.

Vanquished Creatures (collateral kills)
  the Royal Jelly (Slime:5)
  3 caustic shrikes
  A golden dragon (Vaults:5)
  2 bone dragons
  A profane servitor (Abyss:3)
  A tentacled monstrosity (Vaults:5)
  A hellephant (Abyss:3)
  An Orb Guardian (Zot:5)
  Rupert (Orc:2)
  A deep elf master archer (Elf:3)
  A lich (Depths:2)
  A titan (Depths:3)
  4 acid blobs
  A sphinx (Depths:4)
  Gastronok (Lair:2)
  A tentacled starspawn (Abyss:1)
  4 thorn hunters
  3 tengu reavers
  4 storm dragons
  5 azure jellies (Slime:5)
  4 frost giants
  An imperial myrmidon (Desolation)
  3 nagarajas
  An iron dragon (Depths:2)
  5 fire giants
  A draconian scorcher (Zot:3)
  Aizul (Swamp:2)
  A deep elf elementalist (Vaults:5)
  A cacodemon (Depths:5)
  2 draconian shifters
  An ironheart preserver (Vaults:3)
  5 very ugly things
  A stone giant (Depths:1)
  2 black draconians
  A vampire knight (Depths:3)
  A green draconian (Depths:5)
  A red draconian (Depths:5)
  A spark wasp (Depths:5)
  A deep elf death mage (Depths:2)
  A purple draconian (Zot:4)
  4 ettins
  5 death oozes (Slime:5)
  2 fire dragons
  Josephine (D:14)
  4 ogre magi
  2 yaktaur captains
  6 great orbs of eyes
  A ragged hierophant (Desolation)
  A deep elf high priest (Vaults:5)
  A rakshasa (Depths:2)
  A vault guard (Vaults:4)
  5 ice dragons
  2 hydras
  A spriggan air mage (Depths:5)
  Erica (D:11)
  2 naga warriors
  A boulder beetle (D:15)
  2 catoblepae
  A centaur warrior (D:14)
  20 two-headed ogres
  An alligator (Swamp:2)
  7 death yaks
  2 deep troll earth magi
  A naga sharpshooter (Snake:2)
  Urug (D:11)
  A vampire mage (Depths:5)
  5 deep troll shamans
  A deep elf knight (Elf:2)
  A sixfirhy (Abyss:3)
  2 skeletal warriors
  A death drake (Swamp:4)
  2 iron trolls
  An unseen horror (D:14)
  A naga ritualist (Snake:4)
  11 deep trolls
  A glowing orange brain (Depths:2)
  A tengu zombie (Depths:2)
  4 ugly things
  2 lindwurms
  2 mana vipers
  A phantasmal warrior (Swamp:4)
  A shining eye (Slime:5)
  3 deep elf magi
  2 manticores (D:14)
  10 elephants (Lair:6)
  4 moths of wrath
  5 salamanders
  Maurice (D:8)
  2 guardian serpents
  A rust devil (Depths:5)
  3 naga magi
  3 vault sentinels
  4 black mambas
  A kobold demonologist (D:11)
  Joseph (D:8)
  3 cane toads
  A centaur skeleton (D:14)
  4 yaktaurs
  A freezing wraith (Depths:2)
  A komodo dragon (D:8)
  A jumping spider (D:15)
  2 hellwings
  A red devil (Abyss:3)
  A troll (Depths:5)
  A hornet (Swamp:4)
  2 bog bodies
  A tyrant leech (Vaults:5)
  An ettin zombie (Vaults:5)
  2 blink frogs
  20 slime creatures
  3 raiju (Abyss:3)
  2 saltlings (Desolation)
  2 ynoxinuls (Abyss:3)
  A spriggan (Swamp:4)
  26 yaks
  A water elemental (Depths:1)
  5 wraiths (D:14)
  A human (Swamp:2)
  A basilisk (shapeshifter) (Depths:4)
  A fire bat (Lair:3)
  A golden eye (Swamp:2)
  2 vampire mosquitoes (Swamp:2)
  A basilisk (Lair:3)
  2 insubstantial wisps
  2 swamp worms (Swamp:3)
  11 nagas
  3 wargs (D:12)
  A hell hound (Abyss:3)
  2 water moccasins
  3 floating eyes
  11 orc warriors
  A black bear (D:6)
  A swamp drake (Lair:3)
  2 large abominations
  An ice beast (D:11)
  11 ogres
  3 eyes of draining
  2 centaurs
  A wyvern zombie (D:14)
  5 bullfrogs
  2 killer bees (D:9)
  4 wights (D:11)
  3 starcursed masses (Abyss:3)
  A jelly (D:13)
  A bullfrog zombie (D:9)
  5 orc priests
  Crazy Yiuf (D:2)
  4 orc wizards
  A spectral swamp drake (Swamp:4)
  A worker ant (Depths:4)
  A swamp drake zombie (Swamp:4)
  An ooze (Lair:3)
  9 orcs
  6 briar patches
  2 crawling corpses
  6 starspawn tentacles
425 creatures vanquished.

Vanquished Creatures (others)
  A vault warden (Vaults:5)
  An ironbrand convoker (Desolation)
  2 saltlings (Desolation)
  A spriggan (Swamp:3)
  6 insubstantial wisps (Swamp:4)
  A boggart (Depths:4)
  An ufetubus (Abyss:3)
  2 briar patches (Swamp:2)
  A bush (Lair:6)
  A crawling corpse (Elf:3)
  A demonic plant (Gauntlet)
  54 fungi
  69 plants
  25 starspawn tentacles
166 creatures vanquished.

Grand Total: 2878 creatures vanquished

Notes
Turn   | Place    | Note
-------+----------+-------------------------------------------
     0 | D:1      | Asdor the Demonspawn Gladiator began the quest for the Orb.
     0 | D:1      | Reached XP level 1. HP: 16/16 MP: 1/1
   253 | D:1      | Gained mutation: A weak demonic guardian rushes to your
                  | aid. [demonic ancestry]
   253 | D:1      | Reached XP level 2. HP: 22/22 MP: 2/2
   830 | D:1      | Gained mutation: You are partially covered in sharp spines.
                  | [demonic ancestry]
   830 | D:1      | Reached XP level 3. HP: 27/27 MP: 3/3
  1759 | D:2      | Gained mutation: You have a pair of small horns on your
                  | head. [demonic ancestry]
  1759 | D:2      | Reached XP level 4. HP: 27/33 MP: 4/4
  1850 | D:2      | Found a sparkling altar of Nemelex Xobeh.
  1876 | D:2      | Became a worshipper of Nemelex Xobeh the Trickster
  2297 | D:2      | Found a shadowy altar of Dithmenos.
  2351 | D:2      | Noticed a water elemental
  2354 | D:2      | Found a stormy altar of Qazlal.
  2356 | D:2      | Noticed an earth elemental
  2357 | D:2      | Noticed an air elemental
  2357 | D:2      | Noticed a fire elemental
  2664 | D:2      | Found a runed translucent door.
  2665 | D:2      | Noticed Crazy Yiuf
  2720 | D:2      | Killed Crazy Yiuf
  2875 | D:3      | Reached skill level 1 in Armour
  2906 | D:3      | Reached XP level 5. HP: 39/39 MP: 5/5
  3342 | D:3      | Reached * piety under Nemelex Xobeh
  3556 | D:4      | Noticed Ijyb
  3566 | D:4      | Killed Ijyb
  3587 | D:4      | Learned a level 2 spell: Wereblood
  3676 | D:4      | Gained mutation: A demonic guardian rushes to your aid.
                  | [demonic ancestry]
  3676 | D:4      | Reached XP level 6. HP: 38/47 MP: 6/6
  3750 | D:4      | Received a gift from Nemelex Xobeh
  3873 | D:4      | Got ichor-stained storm dragon scales
  3884 | D:4      | Identified the +5 storm dragon scales "Itrustuo" {rElec
                  | Dex+3} (You found it on level 4 of the Dungeon)
  3909 | D:4      | Found a staircase to the Ecumenical Temple.
  3966 | Temple   | Entered the Ecumenical Temple
  4660 | D:5      | Entered Level 5 of the Dungeon
  4689 | D:5      | Reached skill level 1 in Invocations
  4738 | D:5      | Gained mutation: You have a pair of horns on your head.
                  | [demonic ancestry]
  4738 | D:5      | Reached XP level 7. HP: 49/52 MP: 8/8
  4748 | D:5      | Reached skill level 2 in Invocations
  4996 | D:5      | Reached ** piety under Nemelex Xobeh
  5017 | D:5      | Gained mutation: Your body sometimes deteriorates upon
                  | taking damage. [potion of mutation]
  5017 | D:5      | Gained mutation: You have very sharp teeth. [potion of
                  | mutation]
  5017 | D:5      | Gained mutation: You passively map a small area around you.
                  | [potion of mutation]
  5022 | D:5      | Received a gift from Nemelex Xobeh
  5035 | D:5      | Found an opulent altar of Gozag.
  5367 | D:6      | Reached skill level 5 in Polearms
  5367 | D:6      | Reached skill level 3 in Invocations
  5499 | D:6      | Received a gift from Nemelex Xobeh
  5560 | D:6      | Gained mutation: You have a pair of large horns on your
                  | head. [demonic ancestry]
  5560 | D:6      | Reached XP level 8. HP: 50/60 MP: 10/10
  6102 | D:6      | Reached skill level 4 in Invocations
  6466 | D:7      | Reached skill level 5 in Dodging
  6574 | D:7      | Reached skill level 5 in Fighting
  6685 | D:7      | Reached skill level 5 in Invocations
  6961 | D:7      | Gained mutation: When seriously injured, your bleeding
                  | wounds create armour. (AC +12) [demonic ancestry]
  6961 | D:7      | Reached XP level 9. HP: 56/68 MP: 13/13
  7112 | D:7      | Received a gift from Nemelex Xobeh
  7131 | D:7      | Found an ornate altar of the Wu Jian Council.
  7221 | D:7      | Found an iron altar of Okawaru.
  7222 | D:7      | Found a bloodstained altar of Trog.
  7425 | D:8      | Noticed Maurice
  7432 | D:8      | Noticed Joseph
  7434 | D:8      | Killed Maurice
  7448 | D:8      | Killed Joseph
  7448 | D:8      | Reached skill level 6 in Invocations
  7562 | D:8      | Reached *** piety under Nemelex Xobeh
  7619 | D:8      | Received a gift from Nemelex Xobeh
  7623 | D:8      | Noticed a komodo dragon
  7628 | D:8      | Killed a komodo dragon
  7628 | D:8      | Reached skill level 5 in Armour
  7733 | D:8      | Found a staircase to the Lair.
  8152 | D:8      | Received a gift from Nemelex Xobeh
  8341 | D:8      | Reached skill level 7 in Invocations
  8607 | D:9      | Noticed a two-headed ogre
  8619 | D:9      | Killed a two-headed ogre
  8619 | D:9      | Reached XP level 10. HP: 77/77 MP: 15/15
  8842 | D:9      | Reached **** piety under Nemelex Xobeh
  8848 | D:9      | Got a fading spear
  8849 | D:9      | Identified the +7 spear of Wrath {vorpal, +Blink rPois SInv
                  | Stlth+} (You found it on level 9 of the Dungeon)
  9303 | D:10     | Entered Level 10 of the Dungeon
  9306 | D:10     | Got a crude steel ring
  9308 | D:10     | Identified the ring "Xapam" {rC+ Dex+6} (You found it on
                  | level 10 of the Dungeon)
  9424 | D:10     | Received a gift from Nemelex Xobeh
  9463 | D:10     | Reached skill level 8 in Invocations
  9797 | D:10     | Noticed Nergalle
  9805 | D:10     | Killed Nergalle
 10380 | D:11     | Received a gift from Nemelex Xobeh
 10380 | D:11     | Noticed Urug
 10384 | D:11     | Noticed Harold
 10385 | D:11     | Noticed a seven-headed hydra
 10388 | D:11     | Noticed a two-headed ogre
 10391 | D:11     | Killed Urug
 10391 | D:11     | Noticed a boulder beetle
 10396 | D:11     | Killed Harold
 10397 | D:11     | Noticed an orange demon
 10397 | D:11     | Noticed a boulder beetle
 10400 | D:11     | Killed a seven-headed hydra
 10400 | D:11     | Reached skill level 9 in Invocations
 10400 | D:11     | Reached XP level 11. HP: 68/85 MP: 10/17
 10405 | D:11     | Killed a two-headed ogre
 10406 | D:11     | Killed a boulder beetle
 10737 | D:11     | Killed a boulder beetle
 10971 | D:11     | Noticed Fannar
 10994 | D:11     | Killed Fannar
 11109 | D:11     | Noticed Erica
 11137 | D:11     | Killed Erica
 11407 | D:11     | Got a ripped robe
 11408 | D:11     | Identified the +1 robe "Kutinyaps" {rN+} (You found it on
                  | level 11 of the Dungeon)
 11471 | D:11     | Upgraded the game from 0.26-a0-682-g294304f6e8 to
                  | 0.26-a0-683-g5206c1d7ac
 11882 | D:12     | Reached skill level 10 in Invocations
 11995 | D:12     | Found a staircase to the Orcish Mines.
 12272 | D:12     | Noticed a two-headed ogre
 12279 | D:12     | Killed a two-headed ogre
 12560 | D:12     | Noticed an unseen horror
 12568 | D:12     | Killed an unseen horror
 12738 | D:12     | Noticed an orc knight
 12751 | D:12     | Killed an orc knight
 12994 | Orc:1    | Entered Level 1 of the Orcish Mines
 12994 | Orc:1    | Received a gift from Nemelex Xobeh
 13037 | Orc:1    | Identified the +0 long sword of Maer {vorpal, rPois rF+
                  | MP-9 Dex+9}
 13061 | Orc:1    | Found Ybuelaj's Antique Weapon Boutique.
 13065 | Orc:1    | Reached XP level 12. HP: 95/95 MP: 19/19
 13072 | Orc:1    | Bought a crude battleaxe for 310 gold pieces
 13099 | Orc:1    | Found a dark tunnel.
 13252 | Volcano  | Entered a volcano
 13270 | Volcano  | Noticed a hell hog
 13270 | Volcano  | Noticed a hell hog
 14000 | D:13     | Identified a scroll of acquirement
 14000 | D:13     | Acquired a manual of Fighting
 14069 | D:13     | Reached skill level 11 in Invocations
 14139 | D:13     | Noticed a two-headed ogre
 14142 | D:13     | Killed a two-headed ogre
 14181 | D:13     | Found a gate to the Vaults.
 14181 | D:13     | Noticed a two-headed ogre
 14181 | D:13     | Noticed an ogre mage
 14187 | D:13     | Killed a two-headed ogre
 14192 | D:13     | Killed an ogre mage
 14725 | D:14     | Reached skill level 10 in Fighting
 14977 | D:14     | Noticed a centaur warrior
 14989 | D:14     | Killed a centaur warrior
 15155 | D:14     | Noticed Josephine
 15174 | D:14     | Killed Josephine
 15174 | D:14     | Reached skill level 12 in Invocations
 15271 | D:14     | Noticed a centaur warrior
 15271 | D:14     | Noticed a two-headed ogre
 15273 | D:14     | Noticed a death knight
 15284 | D:14     | You fall into a shaft and drop 1 floor!
 15284 | D:15     | Entered Level 15 of the Dungeon
 15476 | D:15     | Gained mutation: When seriously injured, your bleeding
                  | wounds create thick armour. (AC +12) [demonic ancestry]
 15476 | D:15     | Reached XP level 13. HP: 104/106 MP: 22/22
 15578 | D:14     | Received a gift from Nemelex Xobeh
 15811 | Lair:1   | Entered Level 1 of the Lair of Beasts
 15816 | Lair:1   | Reached skill level 10 in Polearms
 15946 | Lair:1   | You fall into a shaft and drop 1 floor!
 16093 | Lair:2   | Reached ***** piety under Nemelex Xobeh
 16272 | Lair:2   | Found a gate leading to a gauntlet.
 16278 | Lair:2   | Noticed Gastronok
 16280 | Gauntlet | Entered a Gauntlet
 16280 | Gauntlet | Found a transporter.
 16280 | Gauntlet | Found a transporter.
 16284 | Gauntlet | Received a gift from Nemelex Xobeh
 16286 | Gauntlet | Found a transporter.
 16290 | Gauntlet | Found a transporter.
 16296 | Gauntlet | Found a transporter.
 16318 | Gauntlet | Found the +3 hat of Pondering {ponderous, MR+ MP+10 Int+5}
 16318 | Gauntlet | Found a transporter.
 16376 | Gauntlet | Found a transporter.
 16394 | Gauntlet | Found a transporter.
 16407 | Gauntlet | Found a transporter.
 16414 | Gauntlet | Noticed a blizzard demon
 16522 | Gauntlet | Found a transporter.
 16532 | Gauntlet | Found a transporter.
 16536 | Gauntlet | Found a transporter.
 16547 | Gauntlet | Found a transporter.
 16619 | Lair:2   | Killed Gastronok
 17144 | Lair:1   | Reached skill level 10 in Dodging
 17244 | Lair:1   | Received a gift from Nemelex Xobeh
 17962 | Lair:2   | Identified the Disquisition on Stones
 18383 | Lair:3   | Found a staircase to the Swamp.
 18434 | Lair:3   | Noticed Prince Ribbit
 18450 | Lair:3   | Reached skill level 1 in Transmutations
 18457 | Lair:3   | Killed Prince Ribbit
 18484 | Lair:3   | Reached skill level 13 in Invocations
 18489 | Lair:3   | Noticed a ghost moth
 18489 | Lair:3   | a death yak changed into a ghost moth
 18489 | Lair:3   | Noticed a ghost moth
 18489 | Lair:3   | a death yak changed into a ghost moth
 18489 | Lair:3   | a ghost moth changed into a swamp dragon
 18489 | Lair:3   | a ghost moth changed into a moth of wrath
 18801 | Lair:3   | Reached skill level 10 in Armour
 18901 | Lair:3   | Received a gift from Nemelex Xobeh
 19580 | Lair:4   | Found a staircase to the Snake Pit.
 19588 | Lair:4   | Received a gift from Nemelex Xobeh
 20184 | Lair:5   | Received a gift from Nemelex Xobeh
 20217 | Lair:5   | Gained mutation: Your flesh is heat resistant. (rF+)
                  | [demonic ancestry]
 20217 | Lair:5   | Reached XP level 14. HP: 116/116 MP: 24/24
 20254 | Lair:5   | Reached ****** piety under Nemelex Xobeh
 20530 | Lair:5   | Received a gift from Nemelex Xobeh
 20965 | Lair:6   | Entered Level 6 of the Lair of Beasts
 21031 | Lair:6   | Reached skill level 14 in Invocations
 21366 | Lair:6   | Found a runed translucent door.
 21366 | Lair:6   | Found a viscous altar of Jiyva.
 21369 | Lair:6   | Found a staircase to the Slime Pits.
 21534 | Lair:6   | Received a gift from Nemelex Xobeh
 21895 | Lair:6   | Reached skill level 5 in Transmutations
 22083 | Lair:6   | Identified the -1 hand axe of Conscience {elec, *Noise
                  | +Blink MP-9 Int+9}
 22689 | Orc:2    | Entered Level 2 of the Orcish Mines
 22785 | Orc:2    | Reached XP level 15. HP: 112/126 MP: 24/26
 22871 | Orc:2    | Noticed Rupert
 22878 | Orc:2    | Paralysed by Rupert for 5 turns
 22918 | Orc:2    | Killed Rupert
 23235 | Orc:2    | Noticed Erolcha
 23248 | Orc:2    | Killed Erolcha
 23511 | Orc:2    | Found Ebadue's General Store.
 23596 | Orc:2    | Found a staircase to the Elven Halls.
 23604 | Orc:2    | Received a gift from Nemelex Xobeh
 23697 | Orc:2    | Found Yrghamisa's General Store.
 23697 | Orc:2    | Found Aluckimy's Distillery.
 23699 | Orc:2    | Found Xigen's Antique Weapon Shop.
 23701 | Orc:2    | Found Aridab's Armour Emporium.
 23716 | Orc:2    | Bought a potion of experience for 750 gold pieces
 23716 | Orc:2    | Bought a potion of heal wounds for 75 gold pieces
 23716 | Orc:2    | Bought a potion of curing for 45 gold pieces
 23716 | Orc:2    | Reached skill level 15 in Invocations
 23716 | Orc:2    | Gained mutation: A powerful demonic guardian rushes to your
                  | aid. [demonic ancestry]
 23716 | Orc:2    | Reached XP level 16. HP: 134/134 MP: 27/27
 23771 | Orc:2    | Found Auotymung's Alliterative Accessories.
 23835 | Orc:2    | Learned a level 3 spell: Vampiric Draining
 23931 | Orc:2    | Received a gift from Nemelex Xobeh
 23946 | Orc:2    | Bought a scroll of acquirement for 728 gold pieces
 24119 | Orc:2    | Acquired the +1 pair of gloves of Midwinter {Int+4}
 24906 | D:14     | Reached skill level 15 in Fighting
 24913 | D:14     | Reached skill level 1 in Spellcasting
 24950 | D:14     | Received a gift from Nemelex Xobeh
 25211 | D:15     | Found Acil's Jewellery Shop.
 25341 | D:15     | Found a staircase to the Depths.
 26142 | D:15     | Received a gift from Nemelex Xobeh
 26923 | Swamp:1  | Entered Level 1 of the Swamp
 27264 | Swamp:1  | Reached skill level 16 in Invocations
 27692 | Swamp:1  | Received a gift from Nemelex Xobeh
 27818 | Swamp:2  | Noticed Kirke
 27819 | Swamp:2  | Noticed Kirke
 27819 | Swamp:2  | Kirke changed into Kirke the iron troll
 27845 | Swamp:2  | Killed Kirke the iron troll
 28119 | Swamp:2  | Noticed a thorn hunter
 28138 | Swamp:2  | Killed a thorn hunter
 28210 | Swamp:2  | Noticed Aizul
 28228 | Swamp:2  | Killed Aizul
 28234 | Swamp:2  | Got a smoking dagger
 28235 | Swamp:2  | Identified the +7 dagger of Spring {vorpal, rPois rF+ Str+9
                  | Stlth+} (You found it on level 2 of the Swamp)
 28365 | Swamp:2  | Received a gift from Nemelex Xobeh
 28644 | Swamp:2  | Noticed a thorn hunter
 28655 | Swamp:2  | Killed a thorn hunter
 28912 | Swamp:3  | Gained mutation: When seriously injured, your bleeding
                  | wounds create very thick armour. (AC +12) [demonic
                  | ancestry]
 28912 | Swamp:3  | Reached XP level 17. HP: 120/144 MP: 29/29
 29816 | Swamp:3  | Received a gift from Nemelex Xobeh
 29835 | Swamp:3  | Found the +4 Cigotuvi's embrace {rRot *Drain rN+}
 30263 | Swamp:4  | Entered Level 4 of the Swamp
 30545 | Swamp:4  | Noticed Mara
 30560 | Swamp:4  | Noticed Asdor's illusion
 30583 | Swamp:4  | Killed Mara
 30664 | Swamp:4  | Received a gift from Nemelex Xobeh
 30882 | Swamp:4  | Reached skill level 1 in Maces & Flails
 30882 | Swamp:4  | Reached skill level 17 in Invocations
 30959 | Swamp:4  | Identified the -2 hand axe of Sin {protect, rC++ Int+4
                  | Dex-3}
 31616 | Swamp:4  | Noticed a bone dragon
 31631 | Swamp:4  | Killed a bone dragon
 31644 | Swamp:4  | Got a decaying rune of Zot
 31704 | Swamp:4  | Reached skill level 5 in Maces & Flails
 31932 | Snake:1  | Entered Level 1 of the Snake Pit
 32045 | Snake:1  | Received a gift from Nemelex Xobeh
 32308 | Snake:1  | Received a gift from Nemelex Xobeh
 33594 | Snake:2  | Gained mutation: You are immune to clouds of flame.
                  | [demonic ancestry]
 33594 | Snake:2  | Reached XP level 18. HP: 139/148 MP: 30/30
 33763 | Snake:2  | Received a gift from Nemelex Xobeh
 33999 | Snake:3  | Acquired 798 gold pieces
 34303 | Snake:3  | Noticed Agnes
 34319 | Snake:3  | Killed Agnes
 34483 | Snake:3  | Reached skill level 10 in Maces & Flails
 34717 | Snake:3  | Found a glowing silver altar of Zin.
 34719 | Snake:3  | Received a gift from Nemelex Xobeh
 34971 | Snake:3  | Found an iron altar of Okawaru.
 35092 | Snake:4  | Entered Level 4 of the Snake Pit
 35231 | Snake:4  | Received a gift from Nemelex Xobeh
 35236 | Snake:4  | Got a twisted long sword
 35237 | Snake:4  | Identified the +2 long sword "Pendulum" {vorpal, Str+3}
                  | (You found it on level 4 of the Snake Pit)
 35670 | Snake:4  | Identified the +8 broad axe of Gozag's Benevolence
                  | {antimagic, rPois rN+ MR- Stlth+}
 36822 | Snake:4  | Received a gift from Nemelex Xobeh
 36840 | Snake:4  | Got a serpentine rune of Zot
 37141 | Snake:4  | Upgraded the game from 0.26-a0-683-g5206c1d7ac to
                  | 0.26-a0-689-gc93c913f66
 37559 | Depths:1 | Entered Level 1 of the Depths
 37575 | Depths:1 | Found a flickering gateway to a bazaar.
 37583 | Bazaar   | Entered a bazaar
 37583 | Bazaar   | Found Sackaown's Book Shop.
 37588 | Bazaar   | Found Pyzuseng's Antique Weapon Shoppe.
 37595 | Bazaar   | Found Kapat's Gadget Shoppe.
 37624 | Bazaar   | Found Wuhoisit's Antique Weapon Shop.
 37630 | Bazaar   | Found Vympupuo's Armour Shop.
 37735 | Depths:1 | Reached skill level 1 in Axes
 37857 | Depths:1 | Found a runed translucent door.
 37857 | Depths:1 | Noticed an ancient lich
 37861 | Depths:1 | Noticed Jixoosm's ghost (adept DsVM)
 37865 | Depths:1 | Found a runed translucent door.
 37888 | Depths:1 | Found a one-way gate leading to the halls of Pandemonium.
 37901 | Depths:1 | Reached XP level 19. HP: 147/159 MP: 10/31
 38131 | Depths:1 | Received a gift from Nemelex Xobeh
 39084 | Depths:1 | Found a gateway to Hell.
 39131 | Depths:1 | Found a glowing golden altar of the Shining One.
 39271 | Depths:2 | Reached skill level 1 in Shields
 39295 | Depths:2 | Identified the +2 trident of Losu {drain, *Drain Int+4
                  | SInv}
 39375 | Depths:2 | Reached skill level 5 in Shields
 39420 | Depths:2 | Identified the ring "Cauc" {rC+ rN++ Dex+6}
 39491 | Depths:2 | Paralysed by a floating eye for 4 turns
 40253 | Depths:2 | Noticed a lich
 40260 | Depths:2 | Killed a lich
 40683 | Depths:2 | Received a gift from Nemelex Xobeh
 41007 | Depths:2 | Identified the Incunabulum of Evil
 41610 | Depths:3 | Received a gift from Nemelex Xobeh
 41827 | Depths:3 | Found a portal to a secret trove of treasure.
 41869 | Depths:3 | Reached skill level 5 in Axes
 41888 | Depths:3 | Reached skill level 10 in Shields
 41933 | Depths:3 | Gained mutation: You are mostly covered in sharp spines.
                  | [demonic ancestry]
 41933 | Depths:3 | Reached XP level 20. HP: 161/166 MP: 32/32
 42016 | Depths:3 | Received a gift from Nemelex Xobeh
 42388 | Depths:3 | Noticed a caustic shrike
 42388 | Depths:3 | a titan changed into a caustic shrike
 42392 | Depths:3 | Killed a caustic shrike
 42595 | Depths:3 | Found the +0 pair of fencer's gloves {Riposte Dex+3}
 42925 | Depths:3 | Identified the +8 tower shield "Eckoinoss" {rPois rC+
                  | Stlth+}
 42925 | Depths:3 | Noticed Louise
 42948 | Depths:3 | Cast into level 3 of the Abyss (Louise)
 43026 | Abyss:3  | Received a gift from Nemelex Xobeh
 43195 | Abyss:3  | Received a gift from Nemelex Xobeh
 43431 | Abyss:3  | Noticed a bone dragon
 43452 | Abyss:3  | Killed a bone dragon
 43818 | Abyss:3  | Paralysed by accursed screaming for 1 turns
 43984 | Depths:3 | Escaped the Abyss
 43985 | Depths:3 | Found a one-way gate to the infinite horrors of the Abyss.
 44009 | Depths:3 | Killed Louise
 44286 | Depths:3 | Received a gift from Nemelex Xobeh
 44430 | Depths:4 | Noticed a caustic shrike
 44458 | Depths:3 | Killed a caustic shrike
 44556 | Depths:4 | Noticed a caustic shrike
 44575 | Depths:3 | Killed a caustic shrike
 44597 | Depths:3 | Paralysed by something for 2 turns
 44895 | Depths:4 | Reached skill level 18 in Invocations
 44898 | Depths:4 | Paralysed by a floating eye for 4 turns
 44936 | Depths:4 | Reached XP level 21. HP: 162/172 MP: 31/34
 45318 | Depths:4 | Noticed a juggernaut
 45327 | Depths:4 | Killed a juggernaut
 46060 | Depths:4 | Received a gift from Nemelex Xobeh
 46115 | Depths:4 | Lost mutation: Your body sometimes deteriorates upon taking
                  | damage. [potion of mutation]
 46115 | Depths:4 | Lost mutation: You have very sharp teeth. [potion of
                  | mutation]
 46115 | Depths:4 | Gained mutation: You are resistant to hostile enchantments.
                  | (MR+) [potion of mutation]
 46115 | Depths:4 | Gained mutation: Potions are less effective at restoring
                  | your health. [potion of mutation]
 46115 | Depths:4 | Gained mutation: You are agile. (Dex +2) [potion of
                  | mutation]
 46398 | Depths:5 | Entered Level 5 of the Depths
 46425 | Depths:5 | Noticed a caustic shrike
 46452 | Depths:4 | Killed a caustic shrike
 46769 | Depths:5 | Noticed a caustic shrike
 46773 | Depths:5 | Noticed a caustic shrike
 46775 | Depths:5 | Noticed a caustic shrike
 46778 | Depths:5 | Noticed a caustic shrike
 46784 | Depths:5 | Killed a caustic shrike
 46799 | Depths:5 | Killed a caustic shrike
 46804 | Depths:5 | Killed a caustic shrike
 46816 | Depths:5 | Killed a caustic shrike
 47161 | Depths:5 | Found a gateway to a ziggurat.
 47342 | Depths:5 | Received a gift from Nemelex Xobeh
 47375 | Depths:5 | Reached skill level 19 in Invocations
 47403 | Depths:5 | Got a steaming ivory ring
 47404 | Depths:5 | Identified the ring "Soclap Mysh" {MP+9 Int+7} (You found
                  | it on level 5 of the Depths)
 47706 | Depths:5 | Got an encrusted plate armour
 47707 | Depths:5 | Identified the +9 plate armour of Norphuoho {rElec MP-9
                  | Str+4 SInv} (You found it on level 5 of the Depths)
 47900 | Depths:5 | Found a gate to the Realm of Zot.
 47916 | Depths:5 | Reached XP level 22. HP: 150/177 MP: 26/35
 49951 | Slime:1  | Entered Level 1 of the Pits of Slime
 50443 | Slime:2  | Gained mutation: Scrolls take you a little longer to read.
                  | [a shining eye]
 50457 | Slime:2  | Gained mutation: Your magical capacity is low. (-10% MP) [a
                  | shining eye]
 50459 | Slime:2  | Gained mutation: Your spells are a little easier to cast,
                  | but a little less powerful. [a shining eye]
 50461 | Slime:2  | Lost mutation: Scrolls take you a little longer to read. [a
                  | shining eye]
 51156 | Slime:2  | Paralysed by a great orb of eyes for 3 turns
 51288 | Slime:3  | Received a gift from Nemelex Xobeh
 51773 | Slime:4  | Gained mutation: You are weak. (Str -2) [a shining eye]
 51865 | Slime:5  | Entered Level 5 of the Pits of Slime
 51915 | Slime:5  | Noticed the Royal Jelly
 51919 | Slime:5  | Gained mutation: Your body sometimes deteriorates upon
                  | taking damage. [a shining eye]
 51920 | Slime:5  | Lost mutation: You are agile. (Dex +2) [a shining eye]
 51977 | Slime:5  | Paralysed by a floating eye for 2 turns
 52002 | Slime:5  | Killed the Royal Jelly
 52002 | Slime:5  | Reached skill level 20 in Invocations
 52058 | Slime:5  | Found the +2 shield of Resistance {rF++ rC++ MR++}
 52075 | Slime:5  | Identified the Reference Book on Ghastly Conjuration
 52103 | Slime:5  | Identified the ring of Iroix {+Inv Str-3 Dex+3 Slay+4
                  | Stlth+} (You found it on level 5 of the Pits of Slime)
 52107 | Slime:5  | Identified Qausuk's Volume of Twisted Transmutation
 52124 | Slime:5  | Identified the amulet "Wieniun" {rElec rC- MR+++ Regen+
                  | Int+4} (You found it on level 5 of the Pits of Slime)
 52141 | Slime:5  | Got a slimy rune of Zot
 52232 | Slime:5  | Identified the +10 flail "Heagack" {flame, *Drain rPois
                  | rN++ MR+} (You found it on level 5 of the Pits of Slime)
 52733 | Zot:1    | Entered Level 1 of the Realm of Zot
 52978 | Depths:3 | You showed the slimy rune of Zot to enter a treasure trove
 52979 | Trove    | Entered a treasure trove
 52997 | Trove    | Identified the +6 hand crossbow of the Other Side {vorpal,
                  | rC+} (You found it in a treasure trove)
 53139 | Depths:5 | Upgraded the game from 0.26-a0-689-gc93c913f66 to
                  | 0.26-a0-707-g31817bcca1
 54644 | Slime:5  | Received a gift from Nemelex Xobeh
 54718 | Slime:5  | Identified the cursed +0 fire dragon scales of Qyfis {rF++
                  | rC- Int+2} (You found it on level 5 of the Pits of Slime)
 55490 | Vaults:1 | Entered Level 1 of the Vaults
 55707 | Vaults:1 | Received a gift from Nemelex Xobeh
 55851 | Vaults:1 | Gained mutation: You can hurl damnation. [demonic ancestry]
 55851 | Vaults:1 | Reached XP level 23. HP: 176/176 MP: 24/33
 55918 | Vaults:1 | Reached skill level 1 in Evocations
 56187 | Vaults:1 | Reached skill level 15 in Armour
 56483 | Vaults:1 | Received a gift from Nemelex Xobeh
 56542 | Vaults:1 | Lost mutation: Your body sometimes deteriorates upon taking
                  | damage. [potion of mutation]
 56542 | Vaults:1 | Lost mutation: Your magical capacity is low. (-10% MP)
                  | [potion of mutation]
 56542 | Vaults:1 | Lost mutation: Potions are less effective at restoring your
                  | health. [potion of mutation]
 56542 | Vaults:1 | Lost mutation: Your spells are a little easier to cast, but
                  | a little less powerful. [potion of mutation]
 56542 | Vaults:1 | Gained mutation: You can translocate small distances at
                  | will. [potion of mutation]
 56542 | Vaults:1 | Gained mutation: You are resistant to electric shocks.
                  | (rElec) [potion of mutation]
 56685 | Vaults:1 | Found a radiant altar of Vehumet.
 56815 | Vaults:1 | Identified the cursed +0 hat of Compression {Regen+ Int+2}
                  | (You found it on level 1 of the Vaults)
 57190 | Vaults:2 | Found a ruined gateway.
 57207 | Vaults:2 | Reached skill level 5 in Evocations
 57238 | Desolati | Entered the Desolation of Salt
 57273 | Desolati | Identified the +1 trident of Tender Mercy {freeze, MR+
                  | Dex+6}
 57739 | Vaults:2 | Received a gift from Nemelex Xobeh
 57811 | Vaults:2 | Found a staircase to the Crypt.
 57827 | Vaults:2 | Reached skill level 10 in Axes
 58334 | Vaults:2 | Found a shadowy altar of Dithmenos.
 58670 | Vaults:3 | Received a gift from Nemelex Xobeh
 59040 | Vaults:3 | Received a gift from Nemelex Xobeh
 59412 | Vaults:3 | Reached skill level 15 in Shields
 59598 | Vaults:3 | Received a gift from Nemelex Xobeh
 59958 | Vaults:3 | Reached XP level 24. HP: 195/195 MP: 28/37
 60257 | Vaults:4 | Reached skill level 21 in Invocations
 60411 | Vaults:4 | Received a gift from Nemelex Xobeh
 61009 | Vaults:4 | Received a gift from Nemelex Xobeh
 61616 | Vaults:5 | Entered Level 5 of the Vaults
 62080 | Vaults:5 | Noticed an ancient lich
 62102 | Vaults:5 | Killed an ancient lich
 62325 | Vaults:5 | Noticed Frederick
 62328 | Vaults:5 | Reached XP level 25. HP: 178/204 MP: 28/37
 62345 | Vaults:5 | Killed Frederick
 62371 | Vaults:5 | Reached skill level 22 in Invocations
 62483 | Vaults:5 | Identified the +3 broad axe "Fenytud" {protect, *Rage
                  | Fragile rElec Int+7}
 62873 | Vaults:5 | Identified the +7 flail of Gaafaeck {vorpal, *Rage +Rage
                  | rF+++ Int+4}
 63004 | Vaults:5 | Got a silver rune of Zot
 63148 | Vaults:5 | Received a gift from Nemelex Xobeh
 63440 | Vaults:5 | Acquired the +1 pair of boots of Surata Kuege {rN+ Int-5
                  | Dex+2}
 63961 | Depths:3 | Voluntarily entered the Abyss.
 64486 | Abyss:1  | Received a gift from Nemelex Xobeh
 64772 | Abyss:1  | Gained mutation: Armour fits poorly on your strangely
                  | shaped body. [a neqoxec]
 64984 | Abyss:2  | Gained mutation: You are frail. (-10% HP) [a neqoxec]
 65425 | Abyss:3  | Gained mutation: Your body sometimes deteriorates upon
                  | taking damage. [a neqoxec]
 65462 | Depths:3 | Escaped the Abyss
 65777 | Vaults:5 | Lost mutation: Armour fits poorly on your strangely shaped
                  | body. [potion of mutation]
 65777 | Vaults:5 | Lost mutation: Your body sometimes deteriorates upon taking
                  | damage. [potion of mutation]
 65777 | Vaults:5 | Lost mutation: You are weak. (Str -2) [potion of mutation]
 65777 | Vaults:5 | Lost mutation: You can translocate small distances at will.
                  | [potion of mutation]
 65777 | Vaults:5 | Gained mutation: You possess an exceptional clarity of
                  | mind. [potion of mutation]
 65777 | Vaults:5 | Gained mutation: Your mind is acute. (Int +2) [potion of
                  | mutation]
 66175 | Zot:1    | Found a large runed translucent door.
 66175 | Zot:1    | Found a large runed translucent door.
 66176 | Zot:1    | Noticed UristMcRaven's ghost (legendary DrTm)
 66177 | Zot:1    | Received a gift from Nemelex Xobeh
 66327 | Zot:1    | Gained mutation: You are completely covered in sharp
                  | spines. [demonic ancestry]
 66327 | Zot:1    | Reached XP level 26. HP: 191/191 MP: 29/38
 66440 | Zot:1    | Reached skill level 23 in Invocations
 66801 | Zot:2    | Received a gift from Nemelex Xobeh
 67019 | Zot:2    | Received a gift from Nemelex Xobeh
 67631 | Zot:3    | Received a gift from Nemelex Xobeh
 68092 | Zot:3    | Received a gift from Nemelex Xobeh
 69223 | Zot:4    | Received a gift from Nemelex Xobeh
 69941 | Elf:1    | Entered Level 1 of the Elven Halls
 70297 | Elf:1    | Received a gift from Nemelex Xobeh
 70451 | Elf:1    | Found Kieruiha's Magic Scroll Shop.
 70517 | Elf:1    | Bought a scroll of magic mapping for 52 gold pieces
 70599 | Elf:1    | Noticed Asterion
 70601 | Elf:1    | Killed Asterion
 70673 | Elf:1    | Received a gift from Nemelex Xobeh
 70773 | Elf:1    | Identified the Papyrus of Necromancy
 71191 | Elf:2    | Reached XP level 27. HP: 200/200 MP: 29/38
 71264 | Elf:2    | Received a gift from Nemelex Xobeh
 71366 | Elf:2    | Reached skill level 24 in Invocations
 71455 | Elf:2    | Identified the Grimoire of Creative Confrontation
 71556 | Elf:2    | Identified the +7 morningstar of Disgust {freeze, *Noise
                  | rN+ Str+3 Int+2} (You found it on level 2 of the Elven
                  | Halls)
 71562 | Elf:2    | Found a runed translucent gate.
 71562 | Elf:2    | Found a runed translucent gate.
 71570 | Elf:2    | Found a runed translucent gate.
 71647 | Elf:2    | Received a gift from Nemelex Xobeh
 71971 | Elf:3    | Entered Level 3 of the Elven Halls
 72017 | Elf:3    | Received a gift from Nemelex Xobeh
 72055 | Elf:3    | Lost mutation: Your mind is acute. (Int +2) [a cacodemon]
 72168 | Elf:3    | Reached skill level 15 in Axes
 72322 | Elf:3    | Acquired the +0 pair of gloves "Ujassag" {Rampage *Slow
                  | MR++ Regen+}
 72435 | Elf:3    | Identified the +6 rapier of the Reaper {vorpal, rN+ Int+4}
 72506 | Elf:3    | Identified the Volume of Bewitchment and Sinister Secrets
 72515 | Elf:3    | Identified the +2 hat of Limited Liability {Int+2} (You
                  | found it on level 3 of the Elven Halls)
 72526 | Elf:3    | Identified the +5 ring mail of Heatiwui {Rampage Slay+4
                  | Stlth-} (You found it on level 3 of the Elven Halls)
 72548 | Elf:3    | Received a gift from Nemelex Xobeh
 72633 | Elf:3    | Found Kytt's Jewellery Boutique.
 73313 | Zot:5    | Entered Level 5 of the Realm of Zot
 73345 | Zot:5    | Received a gift from Nemelex Xobeh
 73617 | Zot:5    | Noticed an orb of fire
 73620 | Zot:5    | Noticed an orb of fire
 73627 | Zot:5    | Killed from afar by an orb of fire

Illustrated notes

Levels and vault maps discovered:
D:1:      lemuel_arrival_behind_the_door_large, layout_basic, roderic_lattice_a
D:2:      layout_loops_ring, nicolae_qazlal_style_of_elements,
          nicolae_dithmenos_through_a_glass_darkly, dk_noncrumbling_4,
          nemelex_xobeh_ov_fountains_minmay, uniq_crazy_yiuf_cottage
D:3:      layout_loops_ring
D:4:      layout_cave_pods, temple_pool_b, uniq_ijyb
D:5:      layout_rooms, overflow_temple_1_default
D:6:      layout_loops_corners
D:7:      layout_basic, grunt_temple_overflow_bloody_war,
          overflow_temple_1_default, roderic_roman_lattice
D:8:      layout_basic, grunt_lair_entry_orc_guard_hut, uniq_maurice,
          uniq_joseph
D:9:      layout_basic
D:10:     layout_grid_maze, uniq_nergalle
D:11:     layout_basic, minmay_misc_feat_rows, minmay_holes, minmay_circle_x,
          uniq_urug, uniq_fannar, uniq_erica, uniq_harold
D:12:     layout_loops_ring, minmay_orc_entry_guard_dogs, lightli_minifort
D:13:     layout_irregular_city, david_vaults_2
D:14:     layout_cave_pools, glass_columns_a, uniq_josephine
D:15:     gammafunk_enter_depths_forms, layout_layer_cave,
          chequers_serial_rivers_micro_a, minmay_shop_enchanted_jewellery
Temple:   compressed_dpeg_circular_temple
Lair:1:   layout_regular_city, grunt_forest_small_clearing_treed
Lair:2:   layout_cave_pods, gauntlet_entry_generic, uniq_gastronok
Lair:3:   layout_cave_shapes, skrybe_swamp_entry_bodies,
          infiniplex_staircase_pool_2, uniq_prince_ribbit2
Lair:4:   layout_concentric_octagons, minmay_snake_entry_guardpost_medium,
          st_stairs_6
Lair:5:   layout_regular_city
Lair:6:   grunt_lair_end_beastmaster, layout_small_grid, slime_altar_2
Swamp:1:  layout_basic_swamp, nicolae_swamp_fairy_circle, swamp_pool5
Swamp:2:  layout_basic_swamp, evilmike_swamp_ruin_house_4,
          nicolae_swamp_alligator_family, uniq_aizul, uniq_kirke
Swamp:3:  layout_basic_swamp, nicolae_swamp_orc_logging_accident
Swamp:4:  swamp_pestilence, layout_basic_swamp, swamp_pool2, uniq_mara
Snake:1:  layout_concentric_octagons
Snake:2:  layout_misc_corridors, special_room
Snake:3:  layout_onion, hangedman_feature_mirror, grunt_megastairs_4, uniq_agnes
Snake:4:  minmay_snake_end_coiled, layout_gridlike, serial_bayou_pond_e,
          serial_bayou_shore_b
Slime:1:  layout_caves
Slime:2:  layout_caves
Slime:3:  layout_caves
Slime:4:  layout_caves
Slime:5
Orc:1:    layout_caves, nicolae_volcano_entry_vermiform, serial_shops, shop
Orc:2:    st_orc_rangers, layout_caves, serial_shops, shop,
          nicolae_alphabet_shops, uniq_erolcha, uniq_rupert
Elf:1:    elf_arrival_002, layout_loops_corners, serial_shops, shop,
          minmay_elf_necromancy, grunt_ministairs_11, uniq_louise, uniq_asterion
Elf:2:    layout_geoelf_diagonals, minmay_elf_sorcery
Elf:3:    minmay_elf_hall_circle, layout_gridlike, serial_shops, shop
Vaults:1: v_misc_25, vaults_room_pool, ontoclasm_vaults_ring_large,
          ontoclasm_vaults_decontamination, vaults_room_boxed, v_misc_17,
          hangedman_vaults_stretched_pinwheel, ontoclasm_vaults_spin,
          grunt_vaults_hallway_long, grunt_tower_of_power,
          nicolae_vaults_network_barrier, v_misc_18, layout_vaults_big_cross
Vaults:2: minmay_crypt_entry_simple_round, dpeg_vaults_monster_box,
          vaults_room_fours, v_misc_4, nicolae_vaults_three_branches,
          layout_vaults_quadrants, basic_altar, portal_desolation_entry_ruin
Vaults:3: nicolae_vaults_quartermaster, vaults_mumra_chevron, v_alt_pattern_6,
          vaults_dpeg_spiral, grunt_vaults_hallway_short,
          grunt_vaults_hallway_short, v_misc_5, ontoclasm_vaults_tryst,
          ontoclasm_vaults_claustrophobia, vaults_room_door_ring,
          vaults_mumra_minichess_inversion, layout_vaults_ring
Vaults:4: grunt_vaults_bifocal, v_misc_25, st_star, grunt_vaults_hallway_long,
          ontoclasm_vaults_eye, nicolae_vaults_network_s,
          vaults_room_grunt_arrival_ludios, nicolae_vaults_little_squares_2,
          ontoclasm_vaults_chip, grunt_vaults_hallway_short,
          layout_vaults_omnibox
Vaults:5: uniq_frederick
Depths:1: layout_cave_shapes, pf_coc_iceberg, pan_entry,
          muffindrake_ghost_dual_entry, serial_shops, bzr_entry_water,
          tso_altar, grunt_megastairs_2
Depths:2: nicolae_legendary_halls, layout_basic, grunt_mini_vestibule,
          special_room [special_room_morgue], grunt_decor_clamped
Depths:3: grunt_house_of_mirrors, layout_cave_pools, enter_trove_1,
          minmay_misc_feat_x, nicolae_abyss_entry_one_way_or_another,
          grunt_hell_entry_dis_grunt, rand_demon_pan_entry_8,
          grunt_ministairs_3, infiniplex_staircase_squiggle
Depths:4: minmay_the_grid_octo_tiled_squarecenter_mashed
          [minmay_the_grid_octo_thin_diamonds, minmay_the_grid_octo_focus,
          minmay_the_grid_octo_odd_swirl, minmay_the_grid_octo_teeth,
          minmay_the_grid_square_5x5_megaprize_checkered,
          minmay_the_grid_square_5x5_spiral,
          minmay_the_grid_square_5x5_tetrominoes,
          minmay_the_grid_square_5x5_minivault,
          minmay_the_grid_square_5x5_empty], layout_cave_shapes,
          abyss_entry_small_statue_room, minmay_misc_feat_five, hell_entry,
          hangedman_cracks_in_the_wall
Depths:5: lemuel_castle_with_subvaults [lemuel_castle_interior_carwin_2],
          layout_cave_pools, enter_ziggurat_a, hellmouth_1, columned_hall_lemuel
Zot:1:    layout_onion, ebering_ghost_disaster_area
Zot:2:    layout_basic
Zot:3:    layout_gridlike
Zot:4:    layout_twisted_circle, grunt_megastairs_3
Zot:5:    layout_gridlike, skrybe_zot_glass_1

Skill      XL: |  1  2  3  4  5  6  7  8  9 10 11 12 13 14 15 16 17 18 19 20 21 22 23 24 25 26 27 |
---------------+----------------------------------------------------------------------------------+-----
Throwing       | 2 3 |  3.0
Polearms       | 3 4 5 6 7 8 9 10 11 12 | 12.9
Armour         | 1 2 3 4 5 6 8 9 10 11 12 13 14 15 16 17 18 | 18.8
Dodging        | 3 4 5 6 7 8 9 10 11 12 13 14 | 14.3
Fighting       | 3 4 5 6 7 9 11 12 14 15 16 17 18 19 20 | 20.3
Invocations    | 1 3 5 7 9 10 12 13 14 15 16 17 18 19 20 21 22 23 24 | 24.7
Transmutations | 2 5 6 7 |  7.4
Necromancy     | 3 4 |  4.5
Spellcasting   | 2 |  2.0
Maces & Flails | 8 12 13 14 | 14.1
Axes           | 1 5 9 10 12 13 14 15 | 15.3
Shields        | 10 12 13 14 15 16 17 18 | 18.3
Evocations     | 5 |  5.0

Action                   |  1- 3 |  4- 6 |  7- 9 | 10-12 | 13-15 | 16-18 | 19-21 | 22-24 | 25-27 || total
-------------------------+-------+-------+-------+-------+-------+-------+-------+-------+-------++-------
Melee: Trident           |   137 |   160 |   121 |       |       |       |       |       |       ||   418
       Headbutt          |       |    21 |    46 |   145 |   260 |   601 |   803 |  1123 |   909 ||  3908
       Bite              |       |       |    24 |    83 |   158 |   337 |   383 |       |       ||   985
       Halberd           |       |       |   133 |    21 |       |       |       |       |       ||   154
       Spear             |       |       |       |   569 |   872 |  1963 |       |       |       ||  3404
       Staff             |       |       |       |     4 |       |       |       |       |       ||     4
       Demon whip        |       |       |       |       |       |   266 |  1786 |  2307 |  2034 ||  6393
       Broad axe         |       |       |       |       |       |    21 |    28 |       |       ||    49
       Demon trident     |       |       |       |       |       |       |     5 |       |       ||     5
Throw: Throwing net      |       |     3 |     1 |     5 |       |       |       |       |       ||     9
 Cast: Wereblood         |       |       |       |       |       |     1 |       |       |       ||     1
Invok: Draw Destruction  |       |       |     3 |     4 |     4 |     9 |    17 |    15 |     7 ||    59
       Draw Summoning    |       |       |     1 |     9 |     6 |    14 |     6 |     4 |     1 ||    41
       Deal Four         |       |       |       |     2 |     3 |     2 |       |     6 |     6 ||    19
       Triple Draw       |       |       |       |     1 |       |       |       |       |       ||     1
       Draw Escape       |       |       |       |       |     4 |       |       |       |       ||     4
       Stack Five        |       |       |       |       |     1 |       |       |       |       ||     1
       Draw Stack        |       |       |       |       |       |       |     3 |     2 |       ||     5
 Abil: Hurl Damnation    |       |       |       |       |       |       |       |     3 |     3 ||     6
Evoke: Wand              |       |       |       |       |     2 |       |       |     3 |       ||     5
       Phantom mirror    |       |       |       |       |       |       |       |     1 |       ||     1
  Use: Scroll            |     1 |     6 |     3 |    21 |     6 |    14 |    14 |    24 |    10 ||    99
       Potion            |       |       |     1 |     2 |     3 |     4 |     7 |     4 |     3 ||    24
 Stab: Sleeping          |     3 |     2 |       |       |       |       |       |       |       ||     5
       Held in net/web   |       |       |       |     6 |       |       |       |       |       ||     6
       Distracted        |       |       |       |    11 |     6 |     7 |    13 |    15 |    11 ||    63
       Invisible         |       |       |       |     4 |       |       |     4 |       |       ||     8
       Petrified         |       |       |       |     1 |    12 |       |       |     2 |       ||    15
       Confused          |       |       |       |       |       |     3 |     3 |     1 |       ||     7
       Paralysed         |       |       |       |       |       |       |       |       |     1 ||     1
Armor: Leather armour    |    33 |     4 |       |       |       |       |       |       |       ||    37
       Ring mail         |       |     7 |       |       |       |       |       |       |       ||     7
       Storm dragon scal |       |    28 |    82 |    97 |   275 |   664 |   511 |       |       ||  1657
       Plate armour      |       |       |       |       |       |       |    25 |   399 |   271 ||   695
Dodge: Dodged            |    92 |    90 |   101 |   233 |   430 |  1035 |   461 |   428 |   454 ||  3324
Block: Tower shield      |       |       |       |       |       |       |  1347 |  2006 |  1762 ||  5115
       Rpst.: Demon whip |       |       |       |       |       |       |    37 |    88 |    68 ||   193

Table legend: (Time is in decaauts)
 A = Elapsed time spent in this place.
 B = Non-inter-level travel time spent in this place.
 C = Inter-level travel time spent in this place.
 D = Time resting spent in this place.
 E = Time spent auto-exploring this place.
 F = Levels seen in this place.
 G = Mean time per level.
                   A        B        C        D        E       F      G
               +--------+--------+--------+--------+--------+-----+--------+
         Total |  69952 |  59622 |  10330 |   8186 |  36221 |  64 | 1093.0 |
       Dungeon |  19235 |  15473 |   3762 |   2670 |  10209 |  15 | 1282.3 |
        Temple |    305 |    305 |      0 |      0 |     74 |   1 |  305.0 |
          Lair |   7672 |   5715 |   1957 |    469 |   4186 |   6 | 1278.7 |
         Swamp |   4777 |   4517 |    260 |    734 |   2710 |   4 | 1194.2 |
     Snake Pit |   5026 |   4634 |    392 |    342 |   3232 |   4 | 1256.5 |
    Slime Pits |   2686 |   2252 |    434 |    427 |    934 |   5 |  537.2 |
  Orcish Mines |   2517 |   2308 |    209 |    658 |   1080 |   2 | 1258.5 |
   Elven Halls |   2845 |   2607 |    238 |    173 |   1736 |   3 |  948.3 |
        Vaults |   7663 |   6996 |    667 |    459 |   4368 |   5 | 1532.6 |
        Depths |  10480 |   8424 |   2056 |   2034 |   3923 |   5 | 2096.0 |
           Zot |   3806 |   3455 |    351 |    122 |   2607 |   5 |  761.2 |
         Abyss |   2244 |   2244 |      0 |     96 |   1152 |   4 |  561.0 |
        Bazaar |    139 |    139 |      0 |      0 |      0 |   1 |  139.0 |
         Trove |    102 |    102 |      0 |      0 |      8 |   1 |  102.0 |
       Volcano |     24 |     24 |      0 |      0 |      0 |   1 |   24.0 |
    Desolation |     55 |     55 |      0 |      0 |      0 |   1 |   55.0 |
      Gauntlet |    367 |    367 |      0 |      0 |      0 |   1 |  367.0 |
               +--------+--------+--------+--------+--------+-----+--------+

Top non-repeatable levels by time:
Depths:5: 2451 daAuts
    D:15: 2343 daAuts
Depths:3: 2298 daAuts
Depths:2: 2235 daAuts
Depths:4: 2187 daAuts
  Lair:2: 2089 daAuts
 Snake:4: 1901 daAuts
Vaults:4: 1657 daAuts
Vaults:5: 1613 daAuts
     D:9: 1581 daAuts
Vaults:2: 1552 daAuts
    D:12: 1536 daAuts
    D:13: 1534 daAuts
Vaults:1: 1504 daAuts
  Lair:6: 1496 daAuts
